 Dungeon Crawl Stone Soup version 0.28-a0-664-gc179e30c89 (webtiles) character file.

Game seed: 7099233976198627257

2452 Gwenloh the Grappler (level 9, -10/47 HPs)
             Began as a Vine Stalker Berserker on Oct 16, 2021.
             Was a Priest of Trog.
             Mangled by Joseph (12 damage)
             ... on level 7 of the Dungeon on Oct 17, 2021.
             The game lasted 00:19:58 (6517 turns).

Gwenloh the Grappler (Vine Stalker Berserker)       Turns: 6517, Time: 00:19:59

Health: -10/47     AC:  8    Str: 20    XL:     9   Next: 50%
Magic:  0/12       EV: 13    Int:  7    God:    Trog [***...]
Gold:   285        SH:  0    Dex: 17    Spells: 11/11 levels left

rFire   . . .      SeeInvis .     - Unarmed
rCold   . . .      Faith    .   (no shield)
rNeg    . . .      Spirit   +   g - +0 ring mail
rPois   .          Reflect  .   r - +0 helmet
rElec   .          Harm     .   (no cloak)
rCorr   .          Rampage  .   (no gloves)
Will    +++..                   h - +0 pair of boots
Stlth   +.........              (no amulet)
HPRegen 2.15/turn               (no ring)
MPRegen 0.13/turn               (no ring)

@: strong-willed, on berserk cooldown, regenerating, slowed, very slow
A: fangs 3, regeneration 1, magic shield, antimagic bite, no potion heal 2
a: Renounce Religion, Berserk, Trog's Hand


You were on level 7 of the Dungeon.
You worshipped Trog.
Trog was most pleased with you.
You visited 1 branch of the dungeon, and saw 7 of its levels.

You collected 285 gold pieces.

Inventory:

Missiles
 e - 148 stones
 i - 24 poisoned darts (quivered)
 k - 4 javelins
Armour
 g - a +0 ring mail (worn)
 h - a +0 pair of boots (worn)
 r - a +0 helmet (worn)
Jewellery
 t - an amulet of regeneration
 u - an amulet of reflection
Wands
 n - a wand of mindburst (15)
Scrolls
 a - 5 scrolls of teleportation
 c - a scroll of magic mapping {unknown}
 m - a scroll of fear
 o - a scroll of silence {unknown}
 q - a scroll of blinking {unknown}
 v - a scroll of fog {unknown}
Potions
 b - 3 potions of might
 l - 2 potions of curing {unknown}
 p - 2 potions of flight {unknown}
 s - a potion of mutation {unknown}


   Skills:
 + Level 5.6 Fighting
 + Level 4.8 Armour
 + Level 4.8 Dodging
 * Level 8.4 Unarmed Combat
 - Level 1.7 Spellcasting


You had 11 spell levels left.
You didn't know any spells.
Your spell library contained the following spells:

 Spells                   Type           Power      Damage    Failure   Level
 Magic Dart               Conj           0%         1d3       54%         1
 Call Imp                 Summ           0%         N/A       67%         2
 Slow                     Hex            0%         N/A       67%         2
 Confusing Touch          Hex            0%         N/A       88%         3
 Mephitic Cloud           Conj/Pois/Air  0%         N/A       88%         3
 Yara's Violent Unravell  Hex/Tmut       0%         3d3       100%        5


Dungeon Overview and Level Annotations

Branches:
Dungeon (7/15)             Temple (0/1) D:6

Altars:
Fedhas
Kikubaaqudgha
Ru
Uskayaw
Wu Jian
Yredelemnul

Annotations:
D:7 Joseph


Innate Abilities, Weirdness & Mutations

You have razor-sharp teeth.
Your natural rate of healing is unusually fast.
When hurt, damage is shared between your health and your magic reserves.
Your bite disrupts and absorbs the magic of your enemies.
Potions cannot restore your health.


Message History

i - 23 poisoned darts (gained 1)
i - 24 poisoned darts (gained 1) Joseph, a Mercenary comes into view.
He is wielding a +0 quarterstaff.
Joseph shouts!
Joseph unwields a +0 quarterstaff.
Joseph wields a +0 hunting sling.
Joseph shoots a sling bullet.
The sling bullet barely misses you.
You start removing your amulet.
You continue taking off your amulet of regeneration.
Joseph shoots a sling bullet.
Keep disrobing?
The sling bullet hits you.
You continue taking off your amulet of regeneration.
Joseph shoots a sling bullet.
The sling bullet hits you!
You continue taking off your amulet of regeneration.
Joseph shoots a sling bullet.
The sling bullet hits you!
You continue taking off your amulet of regeneration.
Joseph shoots a sling bullet.
The sling bullet hits you!
You finish taking off your amulet of regeneration.
Your skin crawls.
You feel strong-willed.
Joseph shoots a sling bullet.
The sling bullet hits you!
* * * LOW HITPOINT WARNING * * *
A red film seems to cover your vision as you go berserk!
You feel yourself moving faster!
You feel mighty!
Joseph shoots a sling bullet.
The sling bullet misses you.
Found 10 gold pieces.
You feel a strong urge to attack something.
Joseph shoots a sling bullet.
The sling bullet hits you!
* * * LOW HITPOINT WARNING * * *
Joseph shoots a sling bullet.
The sling bullet hits you.
* * * LOW HITPOINT WARNING * * *
You feel your anger nearly subside.
You are no longer berserk.
You are exhausted.
You feel yourself slow down.
Joseph shouts, "Wow!"
Joseph unwields a +0 hunting sling.
Joseph wields a +0 quarterstaff.
Joseph hits you with a +0 quarterstaff!
* * * LOW HITPOINT WARNING * * *
Joseph hits you with a +0 quarterstaff!
You die...

.##... #.... ......
##....# ## ......
##....# .###
#.....###.....####
...### #................
.....## #$.............
.?....# #.............
......## ###...@@......
.......# ##...##........
.......###...####.......
.......##..### #......
......##..## ......
.........## #.....
.......### #....
......## #.## ....###


You could see Joseph.

Vanquished Creatures
  The ghost of sn0wgr3 the Shield-Bearer, a novice MiFi of Uskayaw (D:6)
  Sigmund (D:2)
  2 water moccasins (D:6)
  A black bear (D:7)
  An ice beast (D:6)
  An ogre (D:5)
  A centaur (D:6)
  2 bullfrogs
  5 scorpions
  A water moccasin zombie (D:6)
  A water moccasin skeleton (D:5)
  A howler monkey (D:3)
  A bullfrog zombie (D:6)
  4 hounds
  A jelly (D:4)
  2 orc priests (D:5)
  A centaur skeleton (D:7)
  A bullfrog skeleton (D:6)
  2 iguanas
  Natasha (twice) (D:2)
  An orc wizard (D:5)
  A hound zombie (D:3)
  A hound skeleton (D:4)
  2 howler monkey zombies
  12 gnolls
  An adder (D:1)
  A shadow imp (D:5)
  2 ufetubi
  An adder zombie (D:5)
  An adder skeleton (D:4)
  4 dart slugs
  9 orcs
  7 endoplasms
  9 goblins
  5 hobgoblins
  6 jackals
  7 kobolds
  6 quokkas
  3 ball pythons
  7 bats
  5 frilled lizards
  A giant cockroach zombie (D:3)
  5 rats
129 creatures vanquished.

Vanquished Creatures (others)
  A bush (D:5)
  3 plants (D:3)
4 creatures vanquished.

Grand Total: 133 creatures vanquished

Notes
Turn   | Place    | Note
-------+----------+-------------------------------------------
     0 | D:1      | Gwenloh the Vine Stalker Berserker began the quest for the
                  | Orb.
     0 | D:1      | Reached XP level 1. HP: 11/11 MP: 2/2
   392 | D:1      | Reached XP level 2. HP: 12/16 MP: 1/3
  1161 | D:1      | Reached XP level 3. HP: 15/19 MP: 4/4
  2142 | D:2      | Noticed Sigmund
  2152 | D:2      | Killed Sigmund
  2153 | D:2      | Reached skill level 4 in Unarmed Combat
  2153 | D:2      | Reached skill level 1 in Spellcasting
  2153 | D:2      | Gained mutation: Your natural rate of healing is unusually
                  | fast. [Vine Stalker growth]
  2153 | D:2      | Reached XP level 4. HP: 24/24 MP: 4/7
  2153 | D:2      | Reached XP level 5. HP: 28/28 MP: 4/8
  2242 | D:2      | Reached XP level 6. HP: 32/32 MP: 7/9
  2382 | D:2      | Reached ** piety under Trog
  2460 | D:2      | Noticed Natasha
  2469 | D:2      | Killed Natasha
  2507 | D:2      | Noticed Natasha
  2513 | D:2      | Killed Natasha
  2726 | D:3      | Found a basalt altar of Yredelemnul.
  3045 | D:3      | Found a blossoming altar of Fedhas.
  3318 | D:3      | Reached skill level 5 in Unarmed Combat
  3469 | D:4      | Reached XP level 7. HP: 37/37 MP: 8/10
  3927 | D:5      | Entered Level 5 of the Dungeon
  3979 | D:5      | Reached *** piety under Trog
  4427 | D:5      | Reached skill level 6 in Unarmed Combat
  4561 | D:5      | Gained mutation: You have razor-sharp teeth. [Vine Stalker
                  | growth]
  4561 | D:5      | Reached XP level 8. HP: 42/42 MP: 9/11
  4936 | D:5      | Found a hide-covered altar of Uskayaw.
  5150 | D:6      | Found a runed translucent door.
  5153 | D:6      | Noticed sn0wgr3's ghost (novice MiFi)
  5478 | D:6      | Found a staircase to the Ecumenical Temple.
  5504 | D:6      | Reached skill level 7 in Unarmed Combat
  5617 | D:6      | Reached skill level 5 in Fighting
  5686 | D:6      | Reached XP level 9. HP: 45/47 MP: 12/12
  6008 | D:5      | Found an ornate altar of the Wu Jian Council.
  6008 | D:5      | Found a sacrificial altar of Ru.
  6008 | D:5      | Found an ancient bone altar of Kikubaaqudgha.
  6326 | D:6      | Killed sn0wgr3's ghost
  6327 | D:6      | Reached skill level 8 in Unarmed Combat
  6506 | D:7      | Noticed Joseph
  6517 | D:7      | HP: 2/47 [Joseph (9)]
  6517 | D:7      | Mangled by Joseph

Illustrated notes

Levels and vault maps discovered:
D:1:      lemuel_arrival_rhombus, layout_loops_corners, st_stairs_7,
          minmay_fountain_box
D:2:      layout_rooms, uniq_natasha, uniq_sigmund
D:3:      layout_loops_cross, fedhas_altar_fruit_tree,
          nicolae_yredelemnul_corpse_copse, serial_forest,
          infiniplex_forest_lined_corner, infiniplex_forest_clump_small,
          infiniplex_forest_straight_4, infiniplex_forest_clump_curved,
          infiniplex_forest_corner_1, infiniplex_forest_lined_4_way,
          infiniplex_forest_clump_double
D:4:      layout_cave_pools
D:5:      layout_basic, nicolae_overflow_hidden_temple, minmay_hedge_maze
D:6:      layout_layer_cave, minmay_temple_entry_gardened_gates,
          hellmonk_ghost_happy_afterlife
D:7:      layout_cave_pods, uniq_maggie, uniq_joseph

Skill      XL: |  1  2  3  4  5  6  7  8  9 |
---------------+----------------------------+-----
Fighting       | 3 4 5 |  5.6
Armour         | 2 3 4 |  4.8
Dodging        | 2 3 4 |  4.8
Unarmed Combat | 4 5 6 7 8 |  8.4
Spellcasting   | 1 |  1.7

Action                   |  1- 3 |  4- 6 |  7- 9 || total
-------------------------+-------+-------+-------++-------
Melee: Unarmed           |   100 |   101 |   201 ||   402
       Bite              |    24 |    25 |    87 ||   136
       Punch             |       |     8 |     6 ||    14
Throw: Stone             |    39 |    52 |    64 ||   155
       Boomerang         |     4 |    33 |       ||    37
       Javelin           |       |     5 |     1 ||     6
       Dart              |       |       |    23 ||    23
Invok: Berserk           |     1 |     2 |     7 ||    10
       Trog's Hand       |       |       |     6 ||     6
  Use: Scroll            |       |       |     5 ||     5
 Stab: Sleeping          |     2 |       |       ||     2
Armor: Animal skin       |    14 |       |       ||    14
       Ring mail         |    16 |    31 |    75 ||   122
Dodge: Dodged            |    49 |    51 |   111 ||   211

Table legend: (Time is in decaauts)
 A = Elapsed time spent in this place.
 B = Non-inter-level travel time spent in this place.
 C = Inter-level travel time spent in this place.
 D = Time resting spent in this place.
 E = Time spent auto-exploring this place.
 F = Levels seen in this place.
 G = Mean time per level.
                   A        B        C        D        E       F      G
               +--------+--------+--------+--------+--------+-----+--------+
         Total |   6600 |   6350 |    250 |    437 |   4327 |   7 |  942.9 |
       Dungeon |   6600 |   6350 |    250 |    437 |   4327 |   7 |  942.9 |
               +--------+--------+--------+--------+--------+-----+--------+

Top non-repeatable levels by time:
     D:1: 2036 daAuts
     D:6: 1300 daAuts
     D:5: 1178 daAuts
     D:3: 810 daAuts
     D:4: 585 daAuts
     D:2: 537 daAuts
     D:7: 151 daAuts
